 Dungeon Crawl Stone Soup version 0.29.1-1-gd02db6906a (webtiles) character file.

Game seed: 17454769104146001214

55 RogueRain17 the Chopper (level 3, -1/27 HPs)
             Began as a Demonspawn Gladiator on Sept 21, 2022.
             Splashed by a jelly's acid (9 damage)
             ... on level 1 of the Dungeon.
             The game lasted 00:01:47 (743 turns).

RogueRain17 the Chopper (Demonspawn Gladiator)       Turns: 743, Time: 00:01:47

Health: -1/27      AC: -2    Str: 16    XL:     3   Next: 67%
Magic:  3/3        EV: 12    Int:  9    God:
Gold:   15         SH:  0    Dex: 14    Spells: 2/2 levels left

rFire   . . .      SeeInvis .   a - +0 war axe
rCold   . . .      Faith    .   (no shield)
rNeg    . . .      Spirit   .   b - +0 leather armour
rPois   .          Reflect  .   c - +0 helmet
rElec   .          Harm     .   (no cloak)
rCorr   .          Rampage  .   (no gloves)
Will    .....                   (no boots)
Stlth   +.........              (no amulet)
HPRegen 0.09/turn               (no ring)
MPRegen 0.08/turn               (no ring)

@: corroded
A: thin metallic scales 1, spiny 1
a: no special abilities


You were on level 1 of the Dungeon.
You visited 1 branch of the dungeon, and saw 1 of its levels.

You collected 15 gold pieces.

Inventory:

Hand Weapons
 a - a +0 war axe (weapon)
Missiles
 d - 3 throwing nets (quivered)
 e - a javelin
Armour
 b - a +0 leather armour (worn)
 c - a +0 helmet (worn)
Scrolls
 g - a scroll of fog {unknown}
 h - a scroll of identify {unknown}
 i - a scroll of amnesia {unknown}
Potions
 f - a potion of attraction {unknown}


   Skills:
 - Level 2.0 Fighting
 * Level 4.3 Axes
 - Level 1.7 Throwing
 - Level 2.6 Dodging


You had 2 spell levels left.
You didn't know any spells.
Your spell library was empty.

Dungeon Overview and Level Annotations

Branches:
Dungeon (1/15)

Altars:

Shops:
D:1 !


Innate Abilities, Weirdness & Mutations

You are partially covered in thin metallic scales. (AC +2)
You are partially covered in sharp spines.


Message History

You kill the giant cockroach!
You slash the giant cockroach!
You kill the giant cockroach!
The jackal is struck by your spines. The jackal completely misses you.
You barely miss the jackal.
The jackal is moderately wounded.
The endoplasm quivers.
The jackal bites you but does no damage.
The jackal is struck by your spines. The jackal barely misses you.
You barely miss the jackal.
The jackal is almost dead.
The jackal is struck by your spines.
You kill the jackal!
You hit the rat.
You kill the rat!
The jelly attacks as you move away! The jelly barely misses you.
There is a stone staircase leading down here.
You hit the jelly.
Your hands burn!
The jelly is lightly wounded.
The jelly is struck by your spines. The jelly hits you but does no damage.
You hit the jelly. The acid corrodes you!
Your hands burn!
The jelly is heavily wounded.
The jelly barely misses you. The jelly misses you.
You slash the jelly!
You kill the jelly!
Your Axes skill increases to level 4!
You have reached level 3!
Your experience leads to an increase in your attributes!
Increase (S)trength, (I)ntelligence, or (D)exterity?
You feel stronger. x2; Your demonic ancestry asserts itself...
Thin metallic scales grow over part of your body.
You slash the jelly! The acid corrodes you!
Your hands burn!
The jelly is heavily wounded.
The jelly is struck by your spines. The jelly barely misses you.
You hit the jelly but do no damage. The acid corrodes you!
Your hands burn!
The jelly is almost dead.
The jelly hits you.
You are splashed with acid.
The jelly hits you.
* * * LOW HITPOINT WARNING * * *
You are splashed with acid!
You die...

......##.###############..#
##.##.##.#...J.........#..#
#.#..##.#?...).J......#..#
#.......# .(..JJJ.... #..#
#.......#######†#######..#
###.###.#.....†.......#..#
##.......+⌠....###J...⌠+..#
.#...##..#....JJ<......#..#
.#...##..#..⌠...@...⌠..#..#
.#.......###'#######'###..#
.#..##....................#
.#..##..#.#....####.......#
##..........#### #########
#####.###### #.# ######.#
#......#


You could see a jelly and 2 endoplasms.

Vanquished Creatures
  A jelly (D:1)
  A dart slug (D:1)
  3 bats (D:1)
  4 giant cockroaches (D:1)
  A goblin (D:1)
  2 hobgoblins (D:1)
  2 jackals (D:1)
  A kobold (D:1)
  2 quokkas (D:1)
  A ball python (D:1)
  2 frilled lizards (D:1)
  2 rats (D:1)
22 creatures vanquished.

Notes
Turn   | Place    | Note
-------+----------+-------------------------------------------
     0 | D:1      | RogueRain17 the Demonspawn Gladiator began the quest for
                  | the Orb.
     0 | D:1      | Reached XP level 1. HP: 16/16 MP: 1/1
     1 | D:1      | Found a runed translucent door.
     2 | D:1      | Noticed a jelly
     4 | D:1      | Noticed a jelly
   134 | D:1      | Reached skill level 3 in Axes
   250 | D:1      | Found Neneukh's Distillery.
   255 | D:1      | Found a faded altar of an unknown god.
   369 | D:1      | Gained mutation: You are partially covered in sharp spines.
                  | [demonic ancestry]
   369 | D:1      | Reached XP level 2. HP: 22/22 MP: 2/2
   742 | D:1      | Reached skill level 4 in Axes
   742 | D:1      | Gained mutation: You are partially covered in thin metallic
                  | scales. (AC +2) [demonic ancestry]
   742 | D:1      | Reached XP level 3. HP: 19/27 MP: 3/3
   743 | D:1      | Splashed by a jelly's acid

Illustrated notes

Levels and vault maps discovered:
D:1:      dpeg_arrival_caged_fury, layout_loops_cross, serial_shops,
          nicolae_shop_crystal, basic_ecumenical_altar

Skill      XL: |  1  2 |
---------------+-------+-----
Axes           | 3 4 |  4.3
Fighting       | |  2.0
Throwing       | |  1.7
Dodging        | |  2.6

Action                   || total
-------------------------++-------
Melee: War axe           ||    46
Armor: Leather armour    ||    19
Dodge: Dodged            ||    31
